TOP OF THE 1ST |
Baffin Island Beavers batting - Pitching for St. Louis Browns : RHP Scott Walker
|
Pitching: RHP Scott Walker
|
|
Batting: RHB Alden Isenhood
|
0-0: Called Strike 0-1: Ball 1-1: Foul Ball, location: 2F 1-2: Ball 2-2: SINGLE (Groundball, 6MD)
|
Batting: LHB Albert Morgan
|
0-0: Fielders Choice at 2nd, 4-6 (Groundball, 34)
|
Batting: LHB Felipe Guerrero
|
0-0: Swinging Strike 0-1: Ball 1-1: Called Strike 1-2: Foul Ball, location: 2F 1-2: SINGLE (Groundball, 6MD) Albert Morgan to second
|
Batting: RHB Paco Arellano
|
0-0: Ball 1-0: Ball 2-0: Grounds into double play, 6-4-3 (Groundball, 56)
|
Top of the 1st over - 0 runs, 2 hits, 0 errors, 1 left on base; Baffin Island 0 - St. Louis 0 |
BOTTOM OF THE 1ST |
St. Louis Browns batting - Pitching for Baffin Island Beavers : LHP Braydon Schute
|
Pitching: LHP Braydon Schute
|
|
Batting: SHB Tim Reid
|
0-0: Called Strike 0-1: Ball 1-1: SOLO HOME RUN (Line Drive, 7D), Distance : 379 ft
|
Batting: RHB Roberto Cardona
|
0-0: Ground out 6-3 (Groundball, 6)
|
Batting: RHB Jeff Jones
|
0-0: Ball 1-0: Ball 2-0: Called Strike 2-1: Fly out, F5 (Popup, 25F)
|
Batting: RHB José Flores
|
0-0: Ball 1-0: Swinging Strike 1-1: Swinging Strike 1-2: Ground out 3-1 (Groundball, 34)
|
Bottom of the 1st over - 1 run, 1 hit, 0 errors, 0 left on base; Baffin Island 0 - St. Louis 1 |
TOP OF THE 2ND |
Baffin Island Beavers batting - Pitching for St. Louis Browns : RHP Scott Walker
|
Batting: LHB Howard Evans
|
0-0: Ball 1-0: Called Strike 1-1: Swinging Strike 1-2: Ball 2-2: Fly out, F8 (Flyball, 8RM)
|
Batting: SHB Alonso Ferreira
|
0-0: Called Strike 0-1: Foul Ball, location: 2F 0-2: Ground out 6-3 (Groundball, 6M)
|
Batting: LHB Mike MacFadden
|
0-0: Ball 1-0: Fly out, F7 (Flyball, 7S)
|
Top of the 2nd over - 0 runs, 0 hits, 0 errors, 0 left on base; Baffin Island 0 - St. Louis 1 |
BOTTOM OF THE 2ND |
St. Louis Browns batting - Pitching for Baffin Island Beavers : LHP Braydon Schute
|
Batting: RHB Pepe Carrasco
|
0-0: Foul Ball, location: 2F 0-1: Ball 1-1: Foul Ball, location: 2F 1-2: Ball 2-2: SINGLE (Line Drive, 89M)
|
Batting: SHB Víctor Serrano
|
0-0: Called Strike 0-1: Ball 1-1: Foul Ball, location: 2F 1-2: Foul Ball, location: 2F 1-2: Strikes out looking
|
Batting: LHB Norberto Muñóz
|
0-0: Swinging Strike 0-1: Ball 1-1: Fly out, F7 (Flyball, 7D)
|
Batting: LHB Junior Coates
|
0-0: Ground out 1-3 (Groundball, P)
|
Bottom of the 2nd over - 0 runs, 1 hit, 0 errors, 1 left on base; Baffin Island 0 - St. Louis 1 |
TOP OF THE 3RD |
Baffin Island Beavers batting - Pitching for St. Louis Browns : RHP Scott Walker
|
Batting: RHB Pedro Rosado
|
0-0: Called Strike 0-1: Ball 1-1: Ball 2-1: Ground out 6-3 (Groundball, 6)
|
Batting: RHB Conner Riley
|
0-0: Called Strike 0-1: Foul Ball, location: 2F 0-2: Ball 1-2: Ball 2-2: SINGLE (Groundball, 6MD)
|
Batting: RHB Alden Isenhood
|
0-0: Called Strike Conner Riley steals 2nd base 0-1: Ground out 4-3 (Groundball, 4) Conner Riley to third
|
Batting: LHB Albert Morgan
|
0-0: Foul Ball, location: 2F 0-1: Ball 1-1: Foul Ball, location: 2F 1-2: Foul Ball, location: 2F 1-2: Ground out 4-3 (Groundball, 4M)
|
Top of the 3rd over - 0 runs, 1 hit, 0 errors, 1 left on base; Baffin Island 0 - St. Louis 1 |
BOTTOM OF THE 3RD |
St. Louis Browns batting - Pitching for Baffin Island Beavers : LHP Braydon Schute
|
Batting: LHB Miguel Medellín
|
0-0: Ground out 4-3 (Groundball, 4)
|
Batting: SHB Tim Reid
|
0-0: Called Strike 0-1: Called Strike 0-2: Foul Ball, location: 2F 0-2: Ball 1-2: Foul Ball, location: 2F 1-2: Foul Ball, location: 2F 1-2: Ball 2-2: Ground out 5-3 (Groundball, 5S)
|
Batting: RHB Roberto Cardona
|
0-0: Swinging Strike 0-1: Ball 1-1: Ball 2-1: Ground out 4-3 (Groundball, 4M)
|
Bottom of the 3rd over - 0 runs, 0 hits, 0 errors, 0 left on base; Baffin Island 0 - St. Louis 1 |
TOP OF THE 4TH |
Baffin Island Beavers batting - Pitching for St. Louis Browns : RHP Scott Walker
|
Batting: LHB Felipe Guerrero
|
0-0: Ball 1-0: Foul Ball, location: 2F 1-1: Ball 2-1: Fly out, F8 (Flyball, 8RM)
|
Batting: RHB Paco Arellano
|
0-0: Ball 1-0: Ball 2-0: Ball 3-0: Base on Balls
|
Batting: LHB Howard Evans
|
0-0: Called Strike 0-1: 2-RUN HOME RUN (Flyball, 7LD), Distance : 341 ft
|
Batting: SHB Alonso Ferreira
|
0-0: Called Strike 0-1: Ball 1-1: Ball 2-1: Foul Ball, location: 2F 2-2: Strikes out looking
|
Batting: LHB Mike MacFadden
|
0-0: Ball 1-0: Foul Ball, location: 2F 1-1: Called Strike 1-2: Foul Ball, location: 2F 1-2: Foul Ball, location: 2F 1-2: Fly out, F7 (Line Drive, 7)
|
Top of the 4th over - 2 runs, 1 hit, 0 errors, 0 left on base; Baffin Island 2 - St. Louis 1 |
BOTTOM OF THE 4TH |
St. Louis Browns batting - Pitching for Baffin Island Beavers : LHP Braydon Schute
|
Batting: RHB Jeff Jones
|
0-0: Ball 1-0: Swinging Strike 1-1: Foul Ball, location: 2F 1-2: Foul Ball, location: 2F 1-2: Ball 2-2: SINGLE (Line Drive, 7S)
|
Batting: RHB José Flores
|
0-0: Ball 1-0: Fly out, F9 (Flyball, 89M)
|
Batting: RHB Pepe Carrasco
|
0-0: Ball 1-0: Ball 2-0: Ground out 4-3 (Groundball, 4MD) Jeff Jones to second
|
Batting: SHB Víctor Serrano
|
0-0: Called Strike 0-1: Called Strike 0-2: Ball 1-2: Ground out 5-3 (Groundball, 5)
|
Bottom of the 4th over - 0 runs, 1 hit, 0 errors, 1 left on base; Baffin Island 2 - St. Louis 1 |
TOP OF THE 5TH |
Baffin Island Beavers batting - Pitching for St. Louis Browns : RHP Scott Walker
|
Batting: RHB Pedro Rosado
|
0-0: Called Strike 0-1: Ball 1-1: SINGLE (Groundball, 6MD)
|
Batting: RHB Conner Riley
|
0-0: Called Strike 0-1: Foul Ball, location: 2F 0-2: Ball 1-2: Foul Ball, location: 2F 1-2: Strikes out swinging
|
Batting: RHB Alden Isenhood
|
0-0: Ball 1-0: Ball 2-0: Called Strike 2-1: Ball 3-1: Swinging Strike 3-2: SINGLE (Groundball, 6M) (infield hit) Pedro Rosado to second
|
Batting: LHB Albert Morgan
|
0-0: Ball 1-0: Called Strike Pedro Rosado steals 3rd base Alden Isenhood to second 1-1: Ball 2-1: 3-RUN HOME RUN (Flyball, 9LD), Distance : 335 ft
|
Batting: LHB Felipe Guerrero
|
0-0: Ball 1-0: Ground out U3 (Groundball, 23)
|
Batting: RHB Paco Arellano
|
0-0: Called Strike 0-1: Called Strike 0-2: Ball 1-2: Ball 2-2: SINGLE (Groundball, 6S) (infield hit)
|
Batting: LHB Howard Evans
|
0-0: Called Strike 0-1: Foul Ball, location: 2F 0-2: Ball 1-2: Ground out 4-3 (Groundball, 34D)
|
Top of the 5th over - 3 runs, 4 hits, 0 errors, 1 left on base; Baffin Island 5 - St. Louis 1 |
BOTTOM OF THE 5TH |
St. Louis Browns batting - Pitching for Baffin Island Beavers : LHP Braydon Schute
|
Batting: LHB Norberto Muñóz
|
0-0: Called Strike 0-1: Called Strike 0-2: Ball 1-2: Strikes out swinging
|
Batting: LHB Junior Coates
|
0-0: Ball 1-0: Swinging Strike 1-1: Swinging Strike 1-2: Ball 2-2: Ball 3-2: Reached on error, E1 (Groundball, P)
|
Batting: LHB Miguel Medellín
|
0-0: Ball 1-0: Foul Ball, location: 2F 1-1: SINGLE (Groundball, 34D) Junior Coates to third Runner from 3rd tries for Home, SAFE, throw made home
|
Batting: SHB Tim Reid
|
0-0: Ball 1-0: Grounds into double play, 6-4-3 (Groundball, 6)
|
Bottom of the 5th over - 1 run, 1 hit, 1 error, 0 left on base; Baffin Island 5 - St. Louis 2 |
TOP OF THE 6TH |
Baffin Island Beavers batting - Pitching for St. Louis Browns : RHP Scott Walker
|
Batting: SHB Alonso Ferreira
|
0-0: Ground out 3-1 (Groundball, 23)
|
Batting: LHB Mike MacFadden
|
0-0: Swinging Strike 0-1: SINGLE (Groundball, 34D)
|
Batting: RHB Pedro Rosado
|
0-0: Ball 1-0: Ball 2-0: Ball 3-0: Grounds into double play, 6-4-3 (Groundball, 6)
|
Top of the 6th over - 0 runs, 1 hit, 0 errors, 0 left on base; Baffin Island 5 - St. Louis 2 |
BOTTOM OF THE 6TH |
St. Louis Browns batting - Pitching for Baffin Island Beavers : LHP Braydon Schute
|
Batting: RHB Roberto Cardona
|
0-0: Ball 1-0: Ball 2-0: Ball 3-0: Called Strike 3-1: Foul Ball, location: 2F 3-2: Base on Balls
|
Batting: RHB Jeff Jones
|
0-0: Called Strike 0-1: Foul Ball, location: 2F 0-2: Ball 1-2: Ball 2-2: Ball 3-2: Foul Ball, location: 2F 3-2: Ground out 6-3 (Groundball, 6) Roberto Cardona to second
|
Pitching: RHP Juan González
|
|
Batting: RHB José Flores
|
0-0: Called Strike 0-1: Fly out, F8 (Flyball, 8LD)
|
Batting: RHB Pepe Carrasco
|
0-0: Swinging Strike 0-1: Ball 1-1: Ball 2-1: Fly out, F6 (Line Drive, 6)
|
Bottom of the 6th over - 0 runs, 0 hits, 0 errors, 1 left on base; Baffin Island 5 - St. Louis 2 |
TOP OF THE 7TH |
Baffin Island Beavers batting - Pitching for St. Louis Browns : RHP Scott Walker
|
Pitching: RHP Jorge Pérez
|
|
Batting: RHB Conner Riley
|
0-0: Fly out, F3 (Popup, 3S)
|
Batting: RHB Alden Isenhood
|
0-0: Ball 1-0: Ball 2-0: Called Strike 2-1: Ball 3-1: Called Strike 3-2: Base on Balls
|
Batting: LHB Albert Morgan
|
0-0: Called Strike 0-1: Ground out U3 (Groundball, 34S) Alden Isenhood to second
|
Batting: LHB Felipe Guerrero
|
0-0: Foul Ball, location: 2F 0-1: Ball 1-1: Foul Ball, location: 2F 1-2: SINGLE (Groundball, 6D) Alden Isenhood to third Runner from 3rd tries for Home, SAFE, no throw
|
Batting: RHB Paco Arellano
|
0-0: Ball 1-0: Fly out, F8 (Flyball, 8RM)
|
Top of the 7th over - 1 run, 1 hit, 0 errors, 1 left on base; Baffin Island 6 - St. Louis 2 |
BOTTOM OF THE 7TH |
St. Louis Browns batting - Pitching for Baffin Island Beavers : RHP Juan González
|
Batting: SHB Víctor Serrano
|
0-0: Called Strike 0-1: Ball 1-1: Foul Ball, location: 2F 1-2: Ball 2-2: Foul Ball, location: 2F 2-2: Foul Ball, location: 2F 2-2: Foul Ball, location: 2F 2-2: Ball 3-2: Ground out 6-3 (Groundball, 6)
|
Batting: LHB Norberto Muñóz
|
0-0: Fly out, F8 (Flyball, 8LD)
|
Batting: LHB Junior Coates
|
0-0: Ball 1-0: DOUBLE (Line Drive, 7LM)
|
Batting: LHB Miguel Medellín
|
0-0: Ball 1-0: Ball 2-0: Ball Wild Pitch! Junior Coates to third 3-0: Called Strike 3-1: Ground out 4-3 (Groundball, 4)
|
Bottom of the 7th over - 0 runs, 1 hit, 0 errors, 1 left on base; Baffin Island 6 - St. Louis 2 |
TOP OF THE 8TH |
Baffin Island Beavers batting - Pitching for St. Louis Browns : RHP Jorge Pérez
|
Batting: LHB Howard Evans
|
0-0: Foul Ball, location: 2F 0-1: Ball 1-1: SINGLE (Flyball, 7S)
|
Batting: SHB Alonso Ferreira
|
0-0: Bunted foul 0-1: Sac Bunt - play at first, batter OUT! 5-4 Howard Evans to second
|
Batting: LHB Mike MacFadden
|
0-0: Swinging Strike 0-1: Foul Ball, location: 2F 0-2: Ground out 6-3 (Groundball, 6)
|
Batting: RHB Pedro Rosado
|
0-0: Fly out, F8 (Flyball, 8LXD)
|
Top of the 8th over - 0 runs, 1 hit, 0 errors, 1 left on base; Baffin Island 6 - St. Louis 2 |
BOTTOM OF THE 8TH |
St. Louis Browns batting - Pitching for Baffin Island Beavers : RHP Juan González
|
Batting: SHB Tim Reid
|
0-0: Ball 1-0: Ball 2-0: Ball 3-0: Base on Balls
|
Batting: RHB Roberto Cardona
|
0-0: Ball 1-0: Ball 2-0: Called Strike 2-1: Called Strike 2-2: Strikes out swinging
|
Batting: RHB Jeff Jones
|
0-0: Ball 1-0: Swinging Strike 1-1: Swinging Strike 1-2: Foul Ball, location: 2F 1-2: Foul Ball, location: 2F 1-2: Strikes out swinging
|
Batting: RHB José Flores
|
0-0: Called Strike 0-1: Ball 1-1: Foul Ball, location: 2F 1-2: Ball 2-2: Strikes out looking
|
Bottom of the 8th over - 0 runs, 0 hits, 0 errors, 1 left on base; Baffin Island 6 - St. Louis 2 |
TOP OF THE 9TH |
Baffin Island Beavers batting - Pitching for St. Louis Browns : RHP Jorge Pérez
|
Batting: RHB Conner Riley
|
0-0: Foul Ball, location: 2F 0-1: Foul Ball, location: 2F 0-2: Ball 1-2: Foul Ball, location: 2F 1-2: Strikes out swinging
|
Batting: RHB Alden Isenhood
|
0-0: Foul Ball, location: 2F 0-1: Foul Ball, location: 2F 0-2: Ball 1-2: Ball 2-2: Strikes out swinging
|
Batting: LHB Albert Morgan
|
0-0: Called Strike 0-1: Ball 1-1: Ball 2-1: Ball 3-1: Swinging Strike 3-2: Strikes out swinging
|
Top of the 9th over - 0 runs, 0 hits, 0 errors, 0 left on base; Baffin Island 6 - St. Louis 2 |
BOTTOM OF THE 9TH |
St. Louis Browns batting - Pitching for Baffin Island Beavers : RHP Juan González
|
Batting: RHB Pepe Carrasco
|
0-0: Called Strike 0-1: Swinging Strike 0-2: Foul Ball, location: 2F 0-2: Strikes out looking
|
Batting: SHB Víctor Serrano
|
0-0: Foul Ball, location: 2F 0-1: Ball 1-1: Foul Ball, location: 2F 1-2: Ground out U3 (Groundball, 3L)
|
Batting: LHB Norberto Muñóz
|
0-0: Ball 1-0: Foul Ball, location: 2F 1-1: Called Strike 1-2: Fly out, F6 (Line Drive, 6)
|
Bottom of the 9th over - 0 runs, 0 hits, 0 errors, 0 left on base; Baffin Island 6 - St. Louis 2 |
|